 Dungeon Crawl Stone Soup version 0.24-a0-592-g9a1d66b0e3 (webtiles) character file.

Game seed: 13213505265545999577, levelgen mode: deterministic

58 Mithandil the Conjurer (level 4, 24/24 HPs)
             Began as a Tengu Conjurer on Sept 9, 2019.
             Quit the game on level 3 of the Dungeon.
             The game lasted 00:09:16 (1664 turns).

Mithandil the Conjurer (Tengu Conjurer)             Turns: 1664, Time: 00:09:16

Health: 24/24      AC:  5    Str: 10    XL:     4   Next: 1%
Magic:  2/8        EV: 16    Int: 15    God:
Gold:   100        SH:  0    Dex: 19    Spells: 5/8 levels left

rFire    x . .     SeeInvis .   a - +0 dagger (venom)
rCold    + . .     Gourm    .   (no shield)
rNeg     . . .     Faith    .   m - +0 ring mail
rPois    .         Spirit   .   (helmet restricted)
rElec    .         Reflect  .   (no cloak)
rCorr    .         Harm     .   (no gloves)
MR       .....                  (boots unavailable)
Stlth    +++.......             (no amulet)
HPRegen  0.08/turn              l - ring of ice
MPRegen  0.11/turn              (no ring)

@: agile, very slightly contaminated
A: beak, talons 3
a: no special abilities


You were on level 3 of the Dungeon.
You were not hungry.

You visited 1 branch of the dungeon, and saw 4 of its levels.

You collected 100 gold pieces.

Inventory:

Hand Weapons
 a - a +0 dagger of venom (weapon)
 b - a +0 spear
Missiles
 d - 63 stones (quivered)
 f - 18 sling bullets
 i - 26 bolts
Armour
 m - a +0 ring mail (worn)
Jewellery
 l - a ring of ice (left hand)
Scrolls
 e - 2 scrolls of identify {unknown}
 g - 2 scrolls of teleportation {unknown}
 h - a scroll of enchant weapon {unknown}
 k - 3 scrolls of amnesia {unknown}
Comestibles
 c - 5 rations
 n - 2 chunks of flesh


   Skills:
 + Level 0.8 Fighting
 + Level 0.6 Polearms
 + Level 2.6 Dodging
 + Level 2.4 Stealth
 * Level 2.6 Spellcasting
 * Level 5.9 Conjurations


You had 5 spell levels left.
You knew the following spells:

 Your Spells              Type           Power        Failure   Level  Hunger
a - Magic Dart            Conj           ###.         4%          1    #......
b - Searing Ray           Conj           ###...       8%          2    ###....

Your spell library contained the following spells:

 Spells                   Type           Power        Failure   Level  Hunger
 Dazzling Spray           Conj/Hex       ##....       43%         3    ###....
 Iskenderun's Mystic Bla  Conj           ###.....     43%         4    #####..
 Force Lance              Conj/Tloc      ##......     85%         4    #####..
 Fulminant Prism          Conj/Hex       ##........   85%         4    #####..


Dungeon Overview and Level Annotations

Branches:
Dungeon (4/15)
 Temple: D:4-7

Altars:


Innate Abilities, Weirdness & Mutations

You have a beak for a mouth.
You have claws for feet.


Message History

The magic dart hits the jackal but does no damage.
Casting: Magic Dart (safe; 5% risk of failure)
Confirm with . or Enter, or press ? or * to list all spells.
Aiming: Magic Dart (safe; 5% risk of failure)
Press: ? - help, Shift-Dir - straight line, f/p - jackal
Aim: a jackal The magic dart hits the jackal.
The jackal is moderately wounded.
Casting: Magic Dart (safe; 5% risk of failure)
Confirm with . or Enter, or press ? or * to list all spells.
Aiming: Magic Dart (safe; 5% risk of failure)
Press: ? - help, Shift-Dir - straight line, f/p - jackal
Aim: a jackal (moderately wounded)
The magic dart hits the jackal.
You kill the jackal!
You have reached level 4!
You feel stronger.
It was a potion of agility.
You feel agile all of a sudden.
Are you sure you want to abandon this character and quit the game? (Confirm with "yes".)

# . #. .# .
##.########..# ..
............. ..#
##........#. †.
###..<÷.......
###.##....#.###....
#....@........... .
#$#.##.##.######.
.. #.##.# ...
..##.. ### .####...
#. #.... #.# #
........ #.# .. >.#
.. #.#


There were no monsters in sight!

Vanquished Creatures
  An ooze (D:2)
  A worm (D:2)
  A dart slug (D:1)
  2 leopard geckos
  5 bats
  8 goblins
  5 hobgoblins
  8 jackals
  5 frilled lizards
  A jackal skeleton (D:4)
  A kobold (D:1)
  6 rats
44 creatures vanquished.

Notes
Turn   | Place    | Note
-------+----------+-------------------------------------------
     0 | D:1      | Mithandil the Tengu Conjurer began the quest for the Orb.
     0 | D:1      | Reached XP level 1. HP: 10/10 MP: 4/4
   161 | D:1      | Reached XP level 2. HP: 15/15 MP: 4/6
   165 | D:1      | Learned a level 2 spell: Searing Ray
   566 | D:1      | Reached XP level 3. HP: 20/20 MP: 3/7
  1495 | D:2      | You fall into a shaft and drop 2 floors!
  1662 | D:3      | Reached XP level 4. HP: 24/24 MP: 2/8
  1664 | D:3      | Quit the game

Levels and vault maps discovered:
D:1:      lightli_arrival_lavapool, layout_basic, minmay_pentomino_q2
D:2:      layout_rooms, first_ration, minmay_misc_feat_four_crosses,
          minivault_24
D:3:      layout_loops_ring
D:4:      layout_loops_ring, nicolae_ashenzari_panopticon, minitemple,
          gammafunk_ghost_mausoleum, uniq_menkaure

Action                   |  1- 3 |  4- 6 || total
-------------------------+-------+-------++-------
Melee: Unarmed           |    28 |       ||    28
       Kick              |    12 |       ||    12
       Dagger            |    22 |       ||    22
       Peck              |     6 |       ||     6
 Cast: Magic Dart        |    67 |     1 ||    68
       Searing Ray       |     3 |       ||     3
  Use: Potion            |     1 |     1 ||     2
 Stab: Sleeping          |     1 |       ||     1
  Eat: Chunk             |     3 |       ||     3
Armor: Robe              |     6 |       ||     6
       Ring mail         |    14 |       ||    14
Dodge: Dodged            |    49 |       ||    49

Table legend:
 A = Non-vault XP
 B = Vault XP
 C = Vault XP percentage of total XP
 D = Non-vault monster count
 E = Vault monster count
 F = Vault count percentage of total count
                 A         B        C        D         E       F
            +---------+---------+-------+---------+---------+-------
      Total |      80 |       3 |   3.6 |      42 |       2 |   4.5
            +---------+---------+-------+---------+---------+-------
        D:1 |      40 |       3 |   7.0 |      24 |       2 |   7.7
        D:2 |      30 |       0 |   0.0 |      13 |       0 |   0.0
        D:3 |       9 |       0 |   0.0 |       4 |       0 |   0.0
        D:4 |       1 |       0 |   0.0 |       1 |       0 |   0.0
            +---------+---------+-------+---------+---------+-------
